 Dungeon Crawl Stone Soup version 0.25-a0-578-gc91f01c39c (webtiles) character file.

Game seed: 6191668137449613666, levelgen mode: deterministic

72 Lugonue the Sneak (level 4, 0/18 HPs)
             Began as a Felid Venom Mage on Mar 6, 2020.
             Slain by an orc
             ... wielding a +0 war axe
              (4 damage)
             ... on level 3 of the Dungeon.
             The game lasted 00:05:37 (3179 turns).

Lugonue the Sneak (Felid Venom Mage)                Turns: 3179, Time: 00:05:37

Health: 0/18       AC:  1    Str:  4    XL:     4   Next: 6%
Magic:  5/8        EV: 18    Int: 17    God:
Gold:   112        SH:  0    Dex: 17    Spells: 1/8 levels left
                                        Lives:  0   Deaths: 1

rFire    . . .     SeeInvis +     - Unarmed
rCold    . . .     Gourm    .   (shield unavailable)
rNeg     . . .     Faith    .   (armour unavailable)
rPois    .         Spirit   .   (helmet unavailable)
rElec    .         Reflect  .   (cloak unavailable)
rCorr    .         Harm     .   (gloves unavailable)
MR       .....                  (boots unavailable)
Stlth    +++.......             (no amulet)
HPRegen  0.06/turn              (no ring)
MPRegen  0.11/turn              (no ring)

@: quick
A: very small, no armour, no weapons or thrown items, stealth, claws 1, fangs 3,
see invisible, carnivore, speed 1, shaggy fur 1, slow metabolism 1, sharp paws
a: no special abilities


You were on level 3 of the Dungeon.
You were not hungry.

You visited 1 branch of the dungeon, and saw 3 of its levels.

You collected 112 gold pieces.

Inventory:

Jewellery
 m - a +6 ring of dexterity {unknown}
Scrolls
 a - a scroll of enchant weapon {unknown}
 c - a scroll of teleportation {unknown}
 d - 2 scrolls of identify {unknown}
 f - a scroll of remove curse {unknown}
 g - a scroll of blinking {unknown}
 i - a scroll of fog {unknown}
 j - a scroll of amnesia {unknown}
 k - a scroll of magic mapping {unknown}
 n - a scroll of enchant armour {unknown}
Potions
 e - a potion of lignification {unknown}
 h - 2 potions of flight {unknown}
 l - a potion of invisibility {unknown}
 p - a potion of ambrosia
Comestibles
 b - 3 rations


   Skills:
 + Level 0.1 Fighting
 + Level 3.2 Dodging
 * Level 4.7 Stealth
 + Level 1.0 Unarmed Combat
 + Level 2.5 Spellcasting
 + Level 2.1 Transmutations
 + Level 3.5 Poison Magic


You had one spell level left.
You knew the following spells:

 Your Spells              Type           Power        Failure   Level  Hunger
a - Sting                 Tmut/Pois      ##..         6%          1    #......
b - Poisonous Vapours     Pois/Air       #.....       14%         2    ##.....
c - Olgreb's Toxic Radia  Pois           ##......     38%         4    #####..

Your spell library contained the following spells:

 Spells                   Type           Power        Failure   Level  Hunger
 Ignite Poison            Fire/Tmut/Pois #.......     26%         3    ###....
 Mephitic Cloud           Conj/Pois/Air  #.......     34%         3    ###....


Dungeon Overview and Level Annotations

Branches:
Dungeon (3/15)

Altars:
Xom


Innate Abilities, Weirdness & Mutations

You cannot wear armour.
You are incapable of wielding weapons or throwing items.
Your paws allow you to move quietly. (Stealth)
You have sharp claws.
You have razor-sharp teeth.
You have supernaturally acute eyesight. (SInv)
You are carnivorous and can eat meat at any time.
You cover ground quickly.
You are covered in fur. (AC +1)
You have a slow metabolism.
Your sharp claws are effective at attacking unaware monsters.


Message History

Aim: an orc, wielding a +0 war axe and wearing a cursed -1 chain mail (moderately wounded, poisoned)
The sting hits the orc but does no damage.
The orc looks even sicker.
The orc is moderately wounded.
The orc completely misses you.
Casting: Sting (safe; 6% risk of failure)
Confirm with . or Enter, or press ? or * to list all spells.
Aiming: Sting (safe; 6% risk of failure)
Press: ? - help, Shift-Dir - straight line, f/p - orc
Aim: an orc, wielding a +0 war axe and wearing a cursed -1 chain mail (moderately wounded, very poisoned)
The sting hits the orc but does no damage.
The orc looks even sicker.
The orc is moderately wounded.
The orc hits you with a +0 war axe!
Ouch! That really hurt!
* * * LOW HITPOINT WARNING * * *
You completely miss the orc.
The orc is moderately wounded.
The orc hits you with a +0 war axe.
You die...

#...... ####### . .
. .$.
.....##############
###
......o@..........#
#..
......###.........#
##. #####
#.........# #.
#.........######
#.........##....
#.........)..##.
#..........#.##.
#............##.
######....(.....


You could see an orc.

Vanquished Creatures
  Jessica (D:2)
  Terence (D:2)
  2 adders (D:2)
  A worm (D:2)
  2 dart slugs
  3 leopard geckos
  4 orcs (D:3)
  3 giant cockroaches
  4 goblins
  7 hobgoblins
  4 jackals (D:2)
  7 kobolds
  8 bats
  3 frilled lizards
  10 rats
60 creatures vanquished.

Notes
Turn   | Place    | Note
-------+----------+-------------------------------------------
     0 | D:1      | Lugonue the Felid Venom Mage began the quest for the Orb.
     0 | D:1      | Reached XP level 1. HP: 7/7 MP: 4/4
   526 | D:1      | Reached XP level 2. HP: 9/11 MP: 4/6
   564 | D:1      | Reached skill level 3 in Stealth
  1363 | D:2      | Reached XP level 3. HP: 12/14 MP: 3/7
  1689 | D:2      | Noticed Jessica
  1699 | D:2      | Killed Jessica
  1745 | D:2      | Learned a level 2 spell: Poisonous Vapours
  1957 | D:2      | Noticed Terence
  2003 | D:2      | Reached XP level 4. HP: 18/18 MP: 2/8
  2018 | D:2      | Killed Terence
  2018 | D:2      | Reached skill level 4 in Stealth
  2039 | D:2      | Found a shimmering altar of Xom.
  2678 | D:2      | Learned a level 4 spell: Olgreb's Toxic Radiance
  2759 | D:3      | Reached skill level 1 in Unarmed Combat
  2859 | D:3      | Reached XP level 5. HP: 21/21 MP: 1/9
  3054 | D:3      | Noticed a centaur
  3058 | D:3      | Shot with an arrow by a centaur
  3059 | D:3      | Reached XP level 4. HP: 0/18 MP: 1/8
  3179 | D:3      | Slain by an orc

Levels and vault maps discovered:
D:1:      dpeg_arrival_ratfight, layout_loops_ring, minmay_vboxes
D:2:      layout_basic, tgw_xom, uniq_jessica, uniq_terence
D:3:      layout_basic, led_sif_book, lemuel_coloured_pillars_altar

Skill      XL: |  1  2  3  4 |
---------------+-------------+-----
Poison Magic   | 3 |  3.5
Stealth        | 3 4 |  4.7
Dodging        | 3 |  3.2
Transmutations | 2 |  2.1
Unarmed Combat | 1 |  1.0
Fighting       | |  0.1
Spellcasting   | |  2.5

Action                   |  1- 3 |  4- 6 || total
-------------------------+-------+-------++-------
Melee: Unarmed           |    28 |    41 ||    69
       Bite              |     2 |     2 ||     4
 Cast: Sting             |    45 |    29 ||    74
       Poisonous Vapours |     1 |     6 ||     7
       Olgreb's Toxic Ra |       |     1 ||     1
  Use: Potion            |     2 |       ||     2
 Stab: Sleeping          |     5 |     4 ||     9
  Eat: Chunk             |     8 |     4 ||    12
Armor: Skin              |       |     5 ||     5
Dodge: Dodged            |    56 |    69 ||   125

Table legend:
 A = Non-vault XP
 B = Vault XP
 C = Vault XP percentage of total XP
 D = Non-vault monster count
 E = Vault monster count
 F = Vault count percentage of total count
                 A         B        C        D         E       F
            +---------+---------+-------+---------+---------+-------
      Total |     112 |      93 |  45.4 |      44 |      16 |  26.7
            +---------+---------+-------+---------+---------+-------
        D:1 |      22 |      10 |  31.2 |      12 |       8 |  40.0
        D:2 |      65 |      83 |  56.1 |      20 |       8 |  28.6
        D:3 |      25 |       0 |   0.0 |      12 |       0 |   0.0
            +---------+---------+-------+---------+---------+-------
